 Dungeon Crawl Stone Soup version 0.21-a0-352-g5b8f553 (webtiles) character file.

1420 tidbits the Insei (level 8, 0/61 HPs)
             Began as a Gnoll Transmuter on Oct 10, 2017.
             Was a Follower of Makhleb.
             Slain by a white ugly thing (12 damage)
             ... on level 10 of the Dungeon.
             The game lasted 00:15:42 (1818 turns).

tidbits the Insei (Gnoll Transmuter)                Turns: 1818, Time: 00:15:43

Health: 0/61       AC:  5    Str: 20    XL:     8   Next: 71%
Magic:  12/17      EV: 21    Int: 17    God:    Makhleb [*.....]
Gold:   99         SH:  0    Dex: 20    Spells: 8/19 levels left

rFire    . . .     SeeInvis +     - Unarmed
rCold    . . .     Gourm    .   (shield currently unavailable)
rNeg     . . .     Faith    .   b - +0 robe
rPois    .         Spirit   .   E - +2 helmet {SInv}
rElec    .         Reflect  .   (no cloak)
rCorr    .         Harm     .   (gloves currently unavailable)
MR       .....                  (no boots)
Stlth    ++++......             (no amulet)
HPRegen  0.20/turn              s - +6 ring of strength
MPRegen  0.15/turn              (no ring)

@: agile, blade hands (expiring)
A: distributed training, fangs 1, strong nose
a: End Transformation, Renounce Religion


You were on level 10 of the Dungeon.
You worshipped Makhleb.
Makhleb was aware of your devotion.
You were not hungry.
You had blades for hands.
You visited 1 branch of the dungeon, and saw 10 of its levels.

You collected 249 gold pieces.
You spent 150 gold pieces at shops.

Inventory:

Hand Weapons
 a - the +4 hand axe of Somewhere Else (melded) {venom, rF+ Str+4}
   (You found it on level 6 of the Dungeon)

   It poisons the flesh of those it strikes.
   It affects your strength (+4).
   It protects you from fire.
 p - a +0 shortbow
 u - a cursed -1 falchion
 v - a +4 hand axe
Missiles
 l - 4 poisoned javelins (quivered)
 t - 53 arrows
Armour
 b - a +0 robe (worn)
 m - a +0 ring mail
 D - a +2 buckler of protection (melded)
   (You found it on level 9 of the Dungeon)
 E - a +2 helmet of see invisible (worn)
   (You found it on level 4 of the Dungeon)
Jewellery
 s - a +6 ring of strength (left scythe-like blade)
   (You found it on level 5 of the Dungeon)
Wands
 o - a wand of random effects (12/48)
Scrolls
 g - 5 scrolls of enchant weapon
 i - a scroll of enchant armour
 n - 4 scrolls of remove curse
 r - a scroll of blinking
 y - 3 scrolls of teleportation
 B - a scroll of acquirement {unknown}
Potions
 e - 2 potions of mutation {unknown}
 f - a potion of invisibility
 h - a potion of heal wounds
 w - 2 potions of curing
 x - a potion of might
 A - a potion of ambrosia
Books
 c - a book of Changes

   Spells                             Type                      Level
   a - Beastly Appendage              Transmutation                1
   b - Sticks to Snakes               Transmutation                2
   c - Spider Form                    Transmutation/Poison         3
   d - Ice Form                       Ice/Transmutation            4
   e - Blade Hands                    Transmutation                5
Comestibles
 d - 7 bread rations
 j - 6 meat rations
 k - a chunk of flesh


   Skills:
 + Level 4.3 Fighting
 + Level 3.4 Short Blades
 + Level 3.4 Long Blades
 + Level 3.4 Axes
 + Level 3.4 Maces & Flails
 + Level 3.4 Polearms
 + Level 3.4 Staves
 + Level 3.4 Slings
 + Level 3.4 Bows
 + Level 3.4 Crossbows
 + Level 3.4 Throwing
 + Level 3.4 Armour
 + Level 5.8 Dodging
 + Level 3.4 Stealth
 + Level 3.4 Shields
 + Level 7.4 Unarmed Combat
 + Level 6.1 Spellcasting
 + Level 3.4 Conjurations
 + Level 3.4 Hexes
 + Level 3.4 Charms
 + Level 3.4 Summonings
 + Level 3.4 Necromancy
 + Level 3.4 Translocations
 + Level 5.8 Transmutations
 + Level 3.4 Fire Magic
 + Level 3.4 Ice Magic
 + Level 3.4 Air Magic
 + Level 3.4 Earth Magic
 + Level 3.4 Poison Magic
 + Level 3.4 Invocations
 + Level 3.4 Evocations


You had 8 spell levels left.
You knew the following spells:

 Your Spells              Type           Power        Failure   Level  Hunger
e - Beastly Appendage     Tmut           ####..       16%         1    None
h - Blade Hands           Tmut           ####......   75%         5    #####..
k - Sticks to Snakes      Tmut           ####....     21%         2    None
p - Spider Form           Tmut/Pois      ###.......   34%         3    ##.....


Dungeon Overview and Level Annotations

Branches:
Dungeon (10/15)
 Temple: D:4-7         Lair: D:8-11         Orc: D:9-12

Altars:
Makhleb
Sif Muna
The Shining One

Shops:
D:5 !


Innate Abilities, Weirdness & Mutations

Your experience applies equally to all skills.
You have very sharp teeth.
Your uncanny sense of smell can sniff out nearby items.


Message History

* * * LOW HITPOINT WARNING * * *
You hit the orc.
The orc is severely wounded.
Your adder bites the orc.
The orc dies!
Makhleb accepts your kill.
Found 16 gold pieces.
The orc barely misses your adder.
Your adder closely misses the orc.
You swap places.
The orc barely misses you. 2 orcs come into view.
The orc shouts!
You hit the orc.
The orc is poisoned.
The orc is heavily wounded.
You hear a shout!
The orc misses you.
A gnoll comes into view. It is wielding a halberd.
You bite the orc!
You kill the orc!
Makhleb accepts your kill.
You see here a flail.
The orc closely misses you.
You bite the orc!
You kill the orc!
Makhleb accepts your kill. The orc barely misses your adder.
What are your orders? t - Hiss!
Orders for allies: a - Attack new target. r - Retreat! s - Stop attacking. g - Guard the area. f - Follow me.
Anything else - Cancel.
Gang up on whom?
Press: ? - help, Dir - move target cursor, f - orc
Aim: an orc, wielding a morningstar Attack!
Your adder barely misses the orc.
The orc barely misses your adder.
Your adder misses the orc. The gnoll completely misses your adder.
What are your orders? t - Hiss!
Orders for allies: a - Attack new target. p - Attack previous target. r - Retreat! s - Stop attacking. g - Guard the area. f - Follow me.
Anything else - Cancel.
Gang up on whom?
Press: ? - help, Dir - move target cursor, f - gnoll, p - orc
Aim: a gnoll, wielding a halberd Attack!
Your adder withers and dies!
You bite the orc!
You kill the orc!
Makhleb accepts your kill.
You feel better. The gnoll closely misses you.
Things that are here:
a morningstar; an orc corpse You closely miss the gnoll.
The gnoll completely misses you.
You bite the gnoll!
The gnoll is almost dead.
A white ugly thing comes into view.
The white ugly thing gurgles horribly!
You bite the gnoll!
You kill the gnoll!
Makhleb accepts your kill.
You hear a shout! x2
Found a morningstar.
Evoke which item? (* to show all) (? for menu, Esc to quit)
Okay, then.
Okay, then.
You see here an orc corpse.
There is a stone staircase leading up here.
You see here a tomahawk.
The white ugly thing misses you.
You feel agile all of a sudden.
The white ugly thing completely misses you.
Your transformation is almost over.
An orc priest comes into view. It is wielding a flail.
There is an open door here.
A sky beast comes into view.
Your transformation has ended.
The +4 hand axe of Somewhere Else {venom, rF+ Str+4} unmelds from your body.
Your +2 helmet of see invisible unmelds from your body.
Your +2 buckler of protection unmelds from your body.
Your +0 robe unmelds from your body.
The +4 hand axe of Somewhere Else {venom, rF+ Str+4} begins to drip with poison!
You feel perceptive.
You feel protected.
The sky beast moves out of view.
Casting: Spider Form
Confirm with . or Enter, or press ? or * to list all spells.
The spell is very dangerous to cast!
Continue anyway?
Your hands turn into razor-sharp scythe blades.
The +4 hand axe of Somewhere Else {venom, rF+ Str+4} melds into your body.
Your +2 buckler of protection melds into your body.
The +4 hand axe of Somewhere Else {venom, rF+ Str+4} stops dripping with poison.
You feel less protected. The white ugly thing engulfs you.
The white ugly thing freezes you!
* * * LOW HITPOINT WARNING * * *
You slash the white ugly thing!
The white ugly thing is moderately wounded.
The white ugly thing engulfs you.
* * * LOW HITPOINT WARNING * * *
The white ugly thing freezes you!
You die...

#....##.# ##).)##.#
#)<#....# #
..#.)####'###'## ..#..#
#......... #.#..#
#......... #.#..#
#.........
#.#..###......... ####
##.#.@##......o...
.....#.....u..##.....##
...........#..# .....#
.......†...#..# .....#
.......#.#)##.# .....#
.....#.))..#... ....#
.......#..)#.... ....
......(.........#
.....#####.......∆


You could see a white ugly thing.

Vanquished Creatures
  A sky beast (D:5)
  A phantom (D:5)
  5 ogres
  3 centaurs
  3 killer bees (D:8)
  A crimson imp (D:6)
  A hound (D:10)
  2 orc priests
  A worker ant (D:6)
  3 adders
  A gnoll (D:10)
  2 shadow imps
  An adder zombie (D:5)
  An ooze (D:6)
  A worm (D:4)
  An adder skeleton (D:6)
  2 dart slugs (D:1)
  2 leopard geckos
  11 orcs
  3 goblins
  4 hobgoblins
  4 jackals (D:6)
  2 ball python skeletons (D:4)
  2 bats
  A frilled lizard (D:5)
  A jackal skeleton (D:4)
  3 kobolds (D:1)
  A leopard gecko zombie (D:3)
  3 rats
67 creatures vanquished.

Vanquished Creatures (collateral kills)
  The ghost of p0werm0de the Magician, an amateur GnWz (D:4)
  A killer bee (D:8)
  2 bullfrog skeletons (D:5)
  A worker ant (D:5)
  An adder (D:4)
  2 orcs
  A hobgoblin (D:3)
9 creatures vanquished.

Grand Total: 76 creatures vanquished

Notes
Turn   | Place    | Note
-------+----------+-------------------------------------------
     0 | D:1      | tidbits the Gnoll Transmuter began the quest for the Orb.
     0 | D:1      | Reached XP level 1. HP: 17/17 MP: 6/6
   116 | D:1      | Reached XP level 2. HP: 23/23 MP: 7/7
   125 | D:1      | Learned a level 2 spell: Sticks to Snakes
   341 | D:3      | Reached XP level 3. HP: 28/28 MP: 5/9
   345 | D:3      | Reached skill level 5 in Spellcasting
   527 | D:5      | Entered Level 5 of the Dungeon
   535 | D:5      | Reached skill level 1 in Short Blades
   535 | D:5      | Reached skill level 1 in Long Blades
   535 | D:5      | Reached skill level 1 in Axes
   535 | D:5      | Reached skill level 1 in Maces & Flails
   535 | D:5      | Reached skill level 1 in Polearms
   535 | D:5      | Reached skill level 1 in Staves
   535 | D:5      | Reached skill level 1 in Slings
   535 | D:5      | Reached skill level 1 in Bows
   535 | D:5      | Reached skill level 1 in Crossbows
   535 | D:5      | Reached skill level 1 in Throwing
   535 | D:5      | Reached skill level 1 in Armour
   535 | D:5      | Reached skill level 1 in Stealth
   535 | D:5      | Reached skill level 1 in Shields
   535 | D:5      | Reached skill level 1 in Conjurations
   535 | D:5      | Reached skill level 1 in Hexes
   535 | D:5      | Reached skill level 1 in Charms
   535 | D:5      | Reached skill level 1 in Summonings
   535 | D:5      | Reached skill level 1 in Necromancy
   535 | D:5      | Reached skill level 1 in Translocations
   535 | D:5      | Reached skill level 1 in Fire Magic
   535 | D:5      | Reached skill level 1 in Ice Magic
   535 | D:5      | Reached skill level 1 in Air Magic
   535 | D:5      | Reached skill level 1 in Earth Magic
   535 | D:5      | Reached skill level 1 in Poison Magic
   535 | D:5      | Reached skill level 1 in Invocations
   535 | D:5      | Reached skill level 1 in Evocations
   535 | D:5      | Reached XP level 4. HP: 20/34 MP: 7/11
   540 | D:5      | Learned a level 3 spell: Spider Form
   565 | D:5      | Noticed a centaur
   565 | D:5      | Noticed a phantom
   580 | D:5      | Killed a centaur
   580 | D:5      | Reached XP level 5. HP: 28/40 MP: 5/12
   612 | D:5      | Killed a phantom
   612 | D:5      | Reached skill level 3 in Fighting
   612 | D:5      | Reached XP level 6. HP: 13/47 MP: 4/13
   688 | D:5      | Reached skill level 5 in Dodging
   688 | D:5      | Reached skill level 5 in Transmutations
   692 | D:5      | Reached skill level 2 in Short Blades
   692 | D:5      | Reached skill level 2 in Long Blades
   692 | D:5      | Reached skill level 2 in Axes
   692 | D:5      | Reached skill level 2 in Maces & Flails
   692 | D:5      | Reached skill level 2 in Polearms
   692 | D:5      | Reached skill level 2 in Staves
   692 | D:5      | Reached skill level 2 in Slings
   692 | D:5      | Reached skill level 2 in Bows
   692 | D:5      | Reached skill level 2 in Crossbows
   692 | D:5      | Reached skill level 2 in Throwing
   692 | D:5      | Reached skill level 2 in Armour
   692 | D:5      | Reached skill level 2 in Stealth
   692 | D:5      | Reached skill level 2 in Shields
   692 | D:5      | Reached skill level 2 in Conjurations
   692 | D:5      | Reached skill level 2 in Hexes
   692 | D:5      | Reached skill level 2 in Charms
   692 | D:5      | Reached skill level 2 in Summonings
   692 | D:5      | Reached skill level 2 in Necromancy
   692 | D:5      | Reached skill level 2 in Translocations
   692 | D:5      | Reached skill level 2 in Fire Magic
   692 | D:5      | Reached skill level 2 in Ice Magic
   692 | D:5      | Reached skill level 2 in Air Magic
   692 | D:5      | Reached skill level 2 in Earth Magic
   692 | D:5      | Reached skill level 2 in Poison Magic
   692 | D:5      | Reached skill level 2 in Invocations
   692 | D:5      | Reached skill level 2 in Evocations
   703 | D:5      | Found a burning altar of Makhleb.
   708 | D:5      | Noticed a sky beast
   711 | D:5      | Became a worshipper of Makhleb the Destroyer
   725 | D:5      | Killed a sky beast
   745 | D:4      | Found a deep blue altar of Sif Muna.
   757 | D:4      | Noticed p0werm0de's ghost (amateur GnWz)
   850 | D:4      | Killed p0werm0de's ghost
   850 | D:4      | Reached XP level 7. HP: 29/52 MP: 9/15
   947 | D:4      | Reached skill level 7 in Unarmed Combat
  1012 | D:5      | Found Herph's Distillery.
  1015 | D:5      | Bought a potion of might for 60 gold pieces
  1015 | D:5      | Bought a potion of curing for 45 gold pieces
  1015 | D:5      | Bought a potion of lignification for 45 gold pieces
  1253 | D:6      | Got an ichor-stained hand axe
  1254 | D:6      | Identified the +4 hand axe of Somewhere Else {venom, rF+ Str+4} (You found it on level 6 of the Dungeon)
  1300 | D:6      | Reached * piety under Makhleb
  1300 | D:6      | Reached XP level 8. HP: 55/60 MP: 12/16
  1387 | D:7      | Reached skill level 4 in Fighting
  1387 | D:7      | Reached skill level 3 in Short Blades
  1387 | D:7      | Reached skill level 3 in Long Blades
  1387 | D:7      | Reached skill level 3 in Axes
  1387 | D:7      | Reached skill level 3 in Maces & Flails
  1387 | D:7      | Reached skill level 3 in Polearms
  1387 | D:7      | Reached skill level 3 in Staves
  1387 | D:7      | Reached skill level 3 in Slings
  1387 | D:7      | Reached skill level 3 in Bows
  1387 | D:7      | Reached skill level 3 in Crossbows
  1387 | D:7      | Reached skill level 3 in Throwing
  1387 | D:7      | Reached skill level 3 in Armour
  1387 | D:7      | Reached skill level 3 in Stealth
  1387 | D:7      | Reached skill level 3 in Shields
  1387 | D:7      | Reached skill level 3 in Conjurations
  1387 | D:7      | Reached skill level 3 in Hexes
  1387 | D:7      | Reached skill level 3 in Charms
  1387 | D:7      | Reached skill level 3 in Summonings
  1387 | D:7      | Reached skill level 3 in Necromancy
  1387 | D:7      | Reached skill level 3 in Translocations
  1387 | D:7      | Reached skill level 3 in Fire Magic
  1387 | D:7      | Reached skill level 3 in Ice Magic
  1387 | D:7      | Reached skill level 3 in Air Magic
  1387 | D:7      | Reached skill level 3 in Earth Magic
  1387 | D:7      | Reached skill level 3 in Poison Magic
  1387 | D:7      | Reached skill level 3 in Invocations
  1387 | D:7      | Reached skill level 3 in Evocations
  1467 | D:7      | Found a glowing golden altar of the Shining One.
  1532 | D:8      | Reached skill level 6 in Spellcasting
  1612 | D:9      | Learned a level 5 spell: Blade Hands
  1646 | D:9      | Found a glowing golden altar of the Shining One.
  1664 | D:10     | Entered Level 10 of the Dungeon
  1690 | D:9      | Noticed a two-headed ogre
  1791 | D:10     | Noticed a white ugly thing
  1818 | D:10     | Slain by a white ugly thing

Vault maps used:
D:1:      erik_arrival_cave_to_civilisation
D:2:      minivault_5
D:4:      marbit_many_paths, old_standard_altar, first_bread, hex_tiny
D:5:      okawaru_ov_weapons_minmay, minmay_temple_entry_glassed_door,
          serial_shops, kennysheep_mini_moat, bloody_makhleb
D:6:      lemuel_round_altar
D:7:      basic_altar
D:8:      vehumet_statue, serial_shops, shop, blue_anna_alchemist, uniq_maurice
D:9:      kennysheep_mini, hiddenorc1_lemuel, uniq_grum
D:10:     minmay_lair_entry_lava, serial_shops, shop, hangedman_decor_lopped

Skill      XL: |  1  2  3  4  5  6  7  8 |
---------------+-------------------------+-----
Spellcasting   | 5 6 |  6.1
Short Blades   | 1 2 3 |  3.4
Long Blades    | 1 2 3 |  3.4
Axes           | 1 2 3 |  3.4
Maces & Flails | 1 2 3 |  3.4
Polearms       | 1 2 3 |  3.4
Staves         | 1 2 3 |  3.4
Slings         | 1 2 3 |  3.4
Bows           | 1 2 3 |  3.4
Crossbows      | 1 2 3 |  3.4
Throwing       | 1 2 3 |  3.4
Armour         | 1 2 3 |  3.4
Stealth        | 1 2 3 |  3.4
Shields        | 1 2 3 |  3.4
Conjurations   | 1 2 3 |  3.4
Hexes          | 1 2 3 |  3.4
Charms         | 1 2 3 |  3.4
Summonings     | 1 2 3 |  3.4
Necromancy     | 1 2 3 |  3.4
Translocations | 1 2 3 |  3.4
Fire Magic     | 1 2 3 |  3.4
Ice Magic      | 1 2 3 |  3.4
Air Magic      | 1 2 3 |  3.4
Earth Magic    | 1 2 3 |  3.4
Poison Magic   | 1 2 3 |  3.4
Invocations    | 1 2 3 |  3.4
Evocations     | 1 2 3 |  3.4
Fighting       | 3 4 |  4.3
Dodging        | 5 |  5.8
Transmutations | 5 |  5.8
Unarmed Combat | 7 |  7.4

Action                   |  1- 3 |  4- 6 |  7- 9 || total
-------------------------+-------+-------+-------++-------
Melee: Unarmed           |    56 |    58 |    87 ||   201
       Headbutt          |     7 |       |       ||     7
       Kick              |     2 |       |       ||     2
       Bite              |     3 |     1 |     1 ||     5
       Hand axe          |       |       |     3 ||     3
 Cast: Beastly Appendage |    13 |       |       ||    13
       Sticks to Snakes  |     3 |     5 |     5 ||    13
       Spider Form       |       |     8 |    11 ||    19
       Blade Hands       |       |       |     1 ||     1
Evoke: Wand              |       |     2 |     7 ||     9
  Use: Potion            |       |     2 |     3 ||     5
       Scroll            |       |       |     8 ||     8
 Stab: Sleeping          |       |     1 |     1 ||     2
       Paralysed         |       |       |     2 ||     2
       Distracted        |       |       |     1 ||     1
  Eat: Chunk             |       |     1 |       ||     1
       Fruit             |       |       |     4 ||     4
Armor: Robe              |     9 |     1 |     2 ||    12
       Skin              |       |       |    44 ||    44
Dodge: Dodged            |    30 |    39 |    85 ||   154
Block: Buckler           |       |       |    12 ||    12

Table legend:
 A = Spawn XP
 B = Non-spawn XP
 C = Spawn XP percentage of total XP
 D = Spawn monster count
 E = Non-spawn monster count
 F = Spawn count percentage of total count
 G = Total turns spent on level
                    A         B        C        D         E        F      G
               +---------+---------+-------+---------+---------+-------+---------
         Total |       0 |    2029 |   0.0 |       0 |      76 |   0.0 |  1818
               +---------+---------+-------+---------+---------+-------+---------
           D:1 |       0 |      25 |   0.0 |       0 |      13 |   0.0 |   262
           D:3 |       0 |      29 |   0.0 |       0 |      11 |   0.0 |   123
           D:4 |       0 |     131 |   0.0 |       0 |       8 |   0.0 |   351
           D:5 |       0 |     548 |   0.0 |       0 |      13 |   0.0 |   267
           D:6 |       0 |     583 |   0.0 |       0 |      14 |   0.0 |   295
           D:7 |       0 |     116 |   0.0 |       0 |       1 |   0.0 |   155
           D:8 |       0 |     345 |   0.0 |       0 |       5 |   0.0 |    85
          D:10 |       0 |     252 |   0.0 |       0 |      11 |   0.0 |    94
               +---------+---------+-------+---------+---------+-------+---------

Table legend:
 A = Turns spent in this place as a percentage of turns spent in the entire game.
 B = Non-inter-level travel turns spent in this place as a percentage of non-inter-level travel turns spent in the entire game.
 C = Inter-level travel turns spent in this place as a percentage of turns spent in this place.
 D = Turns resting spent in this place as a percentage of non-inter-level travel turns spent in this place.
 E = Turns spent auto-exploring this place as a percentage of non-inter-level travel turns spent in this place.
 F = Non-inter-level travel turns spent in this place divided by the number of levels of this place that you've seen.
                   A       B       C       D       E      F
               +-------+-------+-------+-------+-------+----------------------
         Total | 100.0 | 100.0 |   1.8 |   0.0 |   0.0 | 178.5
       Dungeon | 100.0 | 100.0 |   1.8 |   0.0 |   0.0 | 178.5
               +-------+-------+-------+-------+-------+----------------------

Table legend:
 A = Kills in this place as a percentage of kills in entire the game.
 B = Kills by you in this place as a percentage of kills by you in the entire game.
 C = Kills by friends in this place as a percentage of kills by friends in the entire game.
 D = Other kills in this place as a percentage of other kills in the entire game.
 E = Experience gained in this place as a percentage of experience gained in the entire game.
 F = Experience gained in this place divided by the number of levels of this place that you have seen.
                   A       B       C       D       E      F
               +-------+-------+-------+-------+-------+----------------------
         Total | 100.0 | 100.0 | 100.0 |   N/A | 100.0 | 202.9
       Dungeon | 100.0 | 100.0 | 100.0 |   N/A | 100.0 | 202.9
               +-------+-------+-------+-------+-------+----------------------

Vault maps used:
D:1:      erik_arrival_cave_to_civilisation
D:2:      minivault_5
D:4:      marbit_many_paths, old_standard_altar, first_bread, hex_tiny
D:5:      okawaru_ov_weapons_minmay, minmay_temple_entry_glassed_door,
          serial_shops, kennysheep_mini_moat, bloody_makhleb
D:6:      lemuel_round_altar
D:7:      basic_altar
D:8:      vehumet_statue, serial_shops, shop, blue_anna_alchemist, uniq_maurice
D:9:      kennysheep_mini, hiddenorc1_lemuel, uniq_grum
D:10:     minmay_lair_entry_lava, serial_shops, shop, hangedman_decor_lopped
